 Dungeon Crawl Stone Soup version 0.26.0-10-g1f06aea511 (webtiles) character file.

Game seed: 11420932424104559609

443 Dracia the Slicer (level 7, -2/41 HPs)
             Began as a Kobold Enchanter on Jan 18, 2021.
             Was an Initiate of Dithmenos.
             Slain by a centaur (7 damage)
             ... on level 4 of the Dungeon.
             The game lasted 00:08:19 (5666 turns).

Dracia the Slicer (Kobold Enchanter)                Turns: 5666, Time: 00:08:20

Health: -2/41      AC:  4    Str:  5    XL:     7   Next: 23%
Magic:  0/10       EV: 15    Int: 19    God:    Dithmenos [......]
Gold:   214        SH:  0    Dex: 15    Spells: 4/10 levels left

rFire    . . .     SeeInvis .   a - +2 dagger
rCold    . . .     Faith    .   (shield restricted)
rNeg     . . .     Spirit   +   b - +0 robe
rPois    .         Reflect  .   (no helmet)
rElec    .         Harm     .   r - scarf {repulsion}
rCorr    .         Rampage  .   x - +0 pair of gloves
Will     .....                  d - +0 pair of boots
Stlth    ++++......             G - amulet of guardian spirit
HPRegen  0.13/turn              (no ring)
MPRegen  0.12/turn              (no ring)

@: mighty, brilliant, repel missiles
A: small, nightstalker 3
a: Renounce Religion


You were on level 4 of the Dungeon.
You worshipped Dithmenos.
Dithmenos was noncommittal.
You visited 2 branches of the dungeon, and saw 6 of its levels.

You collected 214 gold pieces.


Innate Abilities, Weirdness & Mutations

You are small and have problems with some larger weapons.
You are completely attuned to the shadows.


   Skills:
 + Level 3.5 Fighting
 * Level 8.0 Short Blades
 - Level 2.4 Dodging
 - Level 4.0 Stealth
 - Level 2.1 Spellcasting
 - Level 3.0 Hexes


You had 4 spell levels left.
You knew the following spells:

 Your Spells              Type           Power        Failure   Level
o - Confusing Touch       Hex            20%          14%         3
x - Ensorcelled Hibernat  Hex/Ice        22%          14%         2
z - Corona                Hex            22%          4%          1

Your spell library contained the following spells:

 Spells                   Type           Power        Failure   Level
 Slow                     Hex            20%          8%          2
 Tukima's Dance           Hex            20%          14%         3
 Animate Skeleton         Necr           6%           17%         1
 Apportation              Tloc           6%           17%         1
 Magic Dart               Conj           12%          17%         1
 Summon Small Mammal      Summ           12%          17%         1
 Blink                    Tloc           N/A          26%         2
 Call Imp                 Summ           3%           26%         2
 Dazzling Flash           Conj/Hex       22%          26%         3
 Conjure Flame            Conj/Fire      3%           45%         3
 Mephitic Cloud           Conj/Pois/Air  3%           45%         3

Inventory:

Hand Weapons
 a - a +2 dagger (weapon)
Missiles
 g - 9 poisoned darts
 i - 90 stones
Armour
 b - a +0 robe (worn)
 d - a +0 pair of boots (worn)
 k - a +0 leather armour
 r - a scarf of repulsion (worn)
 x - a +0 pair of gloves (worn)
Jewellery
 f - an uncursed ring of willpower {unknown}
 s - an uncursed amulet of faith {unknown}
 G - an amulet of guardian spirit (around neck)
Scrolls
 c - a scroll of immolation
 h - 3 scrolls of teleportation {@r4@r4}
 p - 3 scrolls of identify {@r1@r1}
 t - a scroll of enchant weapon
 y - a scroll of amnesia
Potions
 e - 2 potions of mutation {unknown}
 j - a potion of attraction {unknown}
 l - 2 potions of resistance {unknown}
 m - a potion of berserk rage {unknown}
 n - a potion of degeneration {unknown}
 q - a potion of magic {unknown}
 w - a potion of heal wounds {unknown}

Dungeon Overview and Level Annotations

Branches:
Dungeon (5/15)             Temple (1/1) D:4

Altars:
Ashenzari
Cheibriados
Dithmenos
Elyvilon
Fedhas
Gozag
Kikubaaqudgha
Makhleb
Okawaru
Qazlal
Ru
Uskayaw
Vehumet
Wu Jian
Xom
The Shining One

#.# #.#.# #.#
####'###.#.#########.#
#........#...........#
#........#################
#........######...........
########...............###.......
.......................# #.......
.#######.......#.c.....###.......
.#.......##.....@................
.#.#####.#######.#####.##........
.#.# #†# #.# #.##........ .#.#
#.# #.# #.##........ .#.# #.# #.#
#.##.....### .#.# #.# #.#
#.##...#.## <#.# #.#
#.#####.######..# ...# #.#
#....##.#######.## .#######.#
#....+............


You could see a centaur.


Message History

The centaur is heavily wounded.
The centaur misses you.
You hit the centaur but do no damage.
The centaur is heavily wounded.
You hit the centaur but do no damage.
The centaur is heavily wounded.
The centaur hits you!
* * * LOW HITPOINT WARNING * * *
You hit the centaur.
The centaur is severely wounded.
The centaur closely misses you.
You hit the centaur but do no damage.
The centaur is severely wounded.
The centaur hits you.
* * * LOW HITPOINT WARNING * * *
Okay, then.
Okay, then.
You aren't carrying any items that you can evoke.
Unknown command.
You feel better. The centaur closely misses you. The centaur hits you.
* * * LOW HITPOINT WARNING * * *
It was a potion of brilliance.
You feel clever all of a sudden.
The centaur hits you but does no damage.
It was a potion of might.
You feel very mighty all of a sudden. The centaur hits you!
* * * LOW HITPOINT WARNING * * *
The centaur hits you!
You die...

Skill      XL: |  1  2  3  4  5  6  7 |
---------------+----------------------+-----
Short Blades   | 2 3 4 5 6 7 8 |  8.0
Fighting       | 1 2 3 |  3.5
Dodging        | |  2.4
Stealth        | |  4.0
Spellcasting   | |  2.1
Hexes          | |  3.0

Action                   |  1- 3 |  4- 6 |  7- 9 || total
-------------------------+-------+-------+-------++-------
Melee: Dagger            |   113 |    73 |    29 ||   215
 Cast: Corona            |     1 |       |       ||     1
       Ensorcelled Hiber |     9 |     5 |    11 ||    25
  Use: Potion            |     2 |       |     3 ||     5
       Scroll            |       |     7 |       ||     7
 Stab: Sleeping          |    17 |    16 |     3 ||    36
Armor: Robe              |    10 |     5 |     7 ||    22
       Leather armour    |       |    12 |       ||    12
Dodge: Dodged            |    75 |    54 |    43 ||   172
       Repelled          |       |       |     1 ||     1

Levels and vault maps discovered:
D:1:      heliophobic_arrival_dark_side_of_the_moon, layout_loops_ring,
          minmay_misc_feat_chi
D:2:      kennysheep_big_flooded_room, layout_basic, nrook_mini_backslash,
          guppyfry_early_orc_mine
D:3:      layout_basic, lemuel_round_altar
D:4:      layout_basic, minmay_temple_entry_overgrown, portal_sewer_entry_e,
          minmay_between
D:5:      layout_rooms, kennysheep_little_box, uniq_blork_the_orc,
          uniq_crazy_yiuf_cottage
Temple:   eino_wide_crystal_templ

Notes
Turn   | Place    | Note
-------+----------+-------------------------------------------
     0 | D:1      | Dracia the Kobold Enchanter began the quest for the Orb.
     0 | D:1      | Reached XP level 1. HP: 10/10 MP: 3/3
    58 | D:1      | Reached skill level 2 in Short Blades
    82 | D:1      | HP: 1/10 [ball python (1)]
    84 | D:1      | Reached XP level 2. HP: 2/15 MP: 5/5
   454 | D:1      | Reached skill level 3 in Short Blades
   486 | D:1      | Learned a level 2 spell: Ensorcelled Hibernation
   547 | D:1      | Reached XP level 3. HP: 17/19 MP: 6/6
   944 | D:1      | Reached skill level 4 in Short Blades
  2284 | D:2      | Reached XP level 4. HP: 24/24 MP: 2/7
  2857 | D:2      | Reached skill level 5 in Short Blades
  3402 | D:3      | Found a snail-covered altar of Cheibriados.
  3819 | D:4      | Learned a level 3 spell: Confusing Touch
  3849 | D:4      | Reached skill level 1 in Fighting
  4194 | D:4      | Found a staircase to the Ecumenical Temple.
  4204 | Temple   | Entered the Ecumenical Temple
  4255 | Temple   | Became a worshipper of Dithmenos the Shadowed
  4521 | D:4      | Reached XP level 5. HP: 29/29 MP: 5/8
  4878 | D:4      | Reached skill level 2 in Fighting
  4878 | D:4      | Reached skill level 6 in Short Blades
  4956 | D:4      | You fall into a shaft and drop 1 floor!
  4956 | D:5      | Entered Level 5 of the Dungeon
  4957 | D:5      | Noticed Blork the orc
  4957 | D:5      | Killed Blork the orc
  4958 | D:5      | Reached XP level 6. HP: 36/36 MP: 9/9
  4976 | D:5      | Noticed an ogre
  4980 | D:5      | Reached skill level 7 in Short Blades
  4983 | D:5      | Killed an ogre
  4984 | D:5      | Reached skill level 3 in Fighting
  5176 | D:4      | Reached XP level 7. HP: 27/41 MP: 4/10
  5299 | D:5      | Reached skill level 8 in Short Blades
  5666 | D:4      | Slain by a centaur

Vanquished Creatures
  An ogre (D:5)
  A bullfrog (D:4)
  Blork the orc (D:5)
  A scorpion (D:4)
  A bullfrog skeleton (D:5)
  An iguana (D:5)
  A worker ant (D:4)
  A hound skeleton (D:4)
  3 adders
  2 worms
  2 dart slugs
  A leopard gecko (D:1)
  4 orcs (D:2)
  A ball python (D:1)
  2 giant cockroaches
  5 hobgoblins
  5 jackals
  5 kobolds
  A quokka (D:5)
  5 bats
  3 frilled lizards
  9 goblins
  6 rats
62 creatures vanquished.

Vanquished Creatures (others)
  A plant (D:4)
1 creature vanquished.

Grand Total: 63 creatures vanquished

Table legend: (Time is in decaauts)
 A = Elapsed time spent in this place.
 B = Non-inter-level travel time spent in this place.
 C = Inter-level travel time spent in this place.
 D = Time resting spent in this place.
 E = Time spent auto-exploring this place.
 F = Levels seen in this place.
 G = Mean time per level.
                   A        B        C        D        E       F      G
               +--------+--------+--------+--------+--------+-----+--------+
         Total |   5621 |   5415 |    206 |   1506 |   2897 |   6 |  936.8 |
       Dungeon |   5546 |   5340 |    206 |   1506 |   2897 |   5 | 1109.2 |
        Temple |     74 |     74 |      0 |      0 |      0 |   1 |   74.0 |
               +--------+--------+--------+--------+--------+-----+--------+

Top non-repeatable levels by time:
     D:2: 1730 daAuts
     D:4: 1488 daAuts
     D:1: 1228 daAuts
     D:3: 826 daAuts
     D:5: 272 daAuts
  Temple: 74 daAuts

Table legend:
 A = Non-vault XP
 B = Vault XP
 C = Vault XP percentage of total XP
 D = Non-vault monster count
 E = Vault monster count
 F = Vault count percentage of total count
                 A         B        C        D         E       F
            +---------+---------+-------+---------+---------+-------
      Total |     441 |     193 |  30.4 |      50 |      12 |  19.4
            +---------+---------+-------+---------+---------+-------
        D:1 |      38 |       0 |   0.0 |      21 |       0 |   0.0
        D:2 |      32 |      20 |  38.5 |      11 |       9 |  45.0
        D:3 |       9 |       0 |   0.0 |       5 |       0 |   0.0
        D:4 |     163 |      86 |  34.5 |       7 |       2 |  22.2
        D:5 |     199 |      87 |  30.4 |       6 |       1 |  14.3
            +---------+---------+-------+---------+---------+-------
